 Dungeon Sprint DCSS version 0.31-a0-365-gcf821cafb2 (webtiles) character file.

Game seed: 7821574156623715316

8 rocky1 the Ruffian (level 2, 0/20 HPs)
             Began as an Octopode Shapeshifter on July 28, 2023.
             Was an Initiate of Cheibriados.
             Slain by a slime creature (20 damage)
             ... in the Dungeon (Sprint V: "Ziggurat Sprint").
             The game lasted 00:01:29 (66 turns).

rocky1 the Ruffian (Octopode Shapeshifter)            Turns: 66, Time: 00:01:30

Health: 0/20       AC:  1    Str: 27    XL:     2   Next: 8%
Magic:  2/2        EV: 15    Int: 23    God:    Cheibriados [......]
Gold:   0          SH:  0    Dex: 25    Spells: 1/1 levels left

rFire   . .          .
                       - Unarmed
rCold   . . .        (no shield)
rNeg    . . .        (helmet currently unavailable)
rPois   .            (no amulet)
rElec   .            z - +6 ring of strength
rCorr   .            y - +6 ring of strength
SInv    .            x - +6 ring of intelligence
Will    .....        w - +6 ring of intelligence
Stlth   +++          v - +6 ring of dexterity
HPRegen 0.23/turn    u - +6 ring of dexterity
MPRegen 0.08/turn    (no ring)
                     (no ring)

%: no teleportation
@: beast-form, very slow
A: beast (slay +3), almost no armour, amphibious, 8 rings, camouflage 1,
gelatinous body 1, (nimble swimmer 1), tentacles
a: Begin Untransformation, Renounce Religion


You were in the Dungeon.
You worshipped Cheibriados.
Cheibriados was noncommittal.
You were a hulking beast.
You visited 1 branch

Inventory:

Jewellery
 t - a ring of flight
 u - a +6 ring of dexterity (on tentacle)
 v - a +6 ring of dexterity (on tentacle)
 w - a +6 ring of intelligence (on tentacle)
 x - a +6 ring of intelligence (on tentacle)
 y - a +6 ring of strength (right tentacle)
 z - a +6 ring of strength (left tentacle)
Talismans
 b - a beast talisman
 A - a blade talisman
 B - a maw talisman
 C - a serpent talisman
Wands
 r - a wand of mindburst (7)
 s - a wand of light (5)
Scrolls
 h - 4 scrolls of blinking
 n - 4 scrolls of amnesia
 o - 7 scrolls of fog
 p - 5 scrolls of identify
 q - 2 scrolls of fear
Potions
 a - a potion of lignification
 c - 10 potions of curing
 d - 10 potions of heal wounds
 e - 6 potions of haste
 f - 7 potions of magic
 g - 3 potions of berserk rage
 i - 2 potions of brilliance
 j - 2 potions of invisibility
 k - 4 potions of resistance
 m - 5 potions of might


   Skills:
 + Level 2.9 Fighting
 + Level 3.5 Dodging
 * Level 5.2 Unarmed Combat
 + Level 0.0 Spellcasting
 + Level 0.1 Invocations
 * Level 4.6 Shapeshifting


You had one spell level left.
You didn't know any spells.
Your spell library was empty.

Dungeon Overview and Level Annotations

Branches:
Dungeon (1/1)

Altars:
Ashenzari
Cheibriados
Dithmenos
Elyvilon
Fedhas
Gozag
Hepliaklqana
Kikubaaqudgha
Makhleb
Nemelex Xobeh
Okawaru
Qazlal
Ru
Sif Muna
Trog
Uskayaw
Vehumet
Wu Jian
Xom
Yredelemnul
Zin
The Shining One
Jiyva
Lugonu

Annotations:
D 1 transporter


Innate Abilities, Weirdness & Mutations

You are a hulking beast.
Your limbs bulge with bestial killing power. (Slay +3)
You cannot wear most types of armour.
You are amphibious.
You can wear up to eight rings at the same time.
Your skin changes colour to match your surroundings (Stealth+).
Your rubbery body absorbs attacks. (AC +1, EV +1)
((You are camouflaged when in or above water. (Stealth+)))
You have tentacles for arms and can constrict up to eight enemies at once.


Message History

You feel stronger.
z - a +6 ring of strength (left tentacle)
You feel stronger.
y - a +6 ring of strength (right tentacle)
You feel clever.
x - a +6 ring of intelligence (on tentacle)
You feel clever.
w - a +6 ring of intelligence (on tentacle)
You feel agile.
v - a +6 ring of dexterity (on tentacle)
You feel agile.
u - a +6 ring of dexterity (on tentacle) Unknown command.
Press < or > to pray at altars.
There is a transporter here.
Welcome to arena 1.
You enter the transporter and appear at another place.
A slime creature and an endoplasm come into view.
Found Fuaneb's Compendium of the Band and a +2 trident of freezing.
Found a transporter.
Unknown command.
Aiming: Bolt of Light
Press: ? - help, Shift-Dir - straight line, f - slime creature
Aim: a slime creature (asleep, 100% to hit)
The bolt of light hits the slime creature!
The slime creature is moderately wounded.
The slime creature quivers.
Aiming: Bolt of Light
Press: ? - help, Shift-Dir - straight line, f/p - slime creature
Aim: a slime creature (lightly wounded, 94% to hit)
The bolt of light hits the slime creature!
The slime creature is moderately wounded.
The bolt of light hits the endoplasm!
You kill the endoplasm!
Cheibriados thoroughly appreciates the change of pace.
You tentacle-slap the slime creature.
The slime creature is moderately wounded.
The slime creature hits you!!
Ouch! That really hurt!
You die...

▓▓▓▓▓▓▓
▓.8©8.▓
▓.....▓
▓.).:.▓
▓.....▓
▓..J..▓
▓..h..▓
▓▓▓▓▓▓▓


You could see a slime creature.

Vanquished Creatures
  An endoplasm (D)
1 creature vanquished.

Notes
Turn   | Place    | Note
-------+----------+-------------------------------------------
     0 | D        | rocky1 the Octopode Shapeshifter began the quest for the
                  | Orb.
     0 | D        | Reached XP level 1. HP: 13/13 MP: 1/1
     0 | D        | Found a shimmering blue altar of Sif Muna.
     0 | D        | Found a bloodstained altar of Trog.
     0 | D        | Found a sacrificial altar of Ru.
     0 | D        | Found a stormy altar of Qazlal.
     0 | D        | Found an iron altar of Okawaru.
     1 | D        | Found a sparkling altar of Nemelex Xobeh.
     1 | D        | Found a blossoming altar of Fedhas.
     1 | D        | Found the +6 Majin-Bo {spellvamp, MP+6 Int+6}
     1 | D        | Found the +27 heavy crossbow "Sniper" {heavy, Acc+∞ SInv}
     1 | D        | Found the +10 dark maul {heavy}
     1 | D        | Found the +15 Maxwell's patent armour {-Cast -Tele rElec
                  | Will+ rCorr}
     1 | D        | Found the +18 shield of the Gong {Loud rN+ Will+ rCorr
                  | EV-5}
     1 | D        | Found the +16 obsidian axe {drain, demonic, Mesm Drain Fly
                  | SInv}
     1 | D        | Found the +7 great mace "Firestarter" {flame, immolate,
                  | rFlCloud rF++}
     1 | D        | Found the +6 shillelagh "Devastator" {shatter}
     1 | D        | Found the +11 plutonium sword {Contam Stlth-}
     1 | D        | Found the +8 lance "Wyrmbane" {slay drac, rPois rF+ rC+
                  | AC+3}
     1 | D        | Found the +9 sword of Zonguldrok {reap}
     1 | D        | Found the +13 scythe of Curses {drain, curses, Drain}
     1 | D        | Found the +9 sword of Power {lifebolt}
     1 | D        | Found the +7 mace of Variability {chaos, chaos arc}
     1 | D        | Found the +11 Singing Sword {sonic wave}
     1 | D        | Found the +8 storm bow {elec, penet}
     3 | D        | Found a transporter.
     3 | D        | Found an ancient bone altar of Kikubaaqudgha.
     3 | D        | Found a viscous altar of Jiyva.
     3 | D        | Found a corrupted altar of Lugonu.
     3 | D        | Found a hazy altar of Hepliaklqana.
     3 | D        | Found a burning altar of Makhleb.
     3 | D        | Found an opulent altar of Gozag.
    17 | D        | Reached skill level 5 in Unarmed Combat
    17 | D        | Reached XP level 2. HP: 20/20 MP: 2/2
    42 | D        | Became a worshipper of Cheibriados the Contemplative
    63 | D        | Entered arena 2.
    63 | D        | Noticed a slime creature
    63 | D        | Found a transporter.
    66 | D        | Slain by a slime creature

Illustrated notes

Levels and vault maps discovered:
D:        sprint_v [room_start, room_1, room_2, room_3, room_4, room_5, room_6,
          room_7, room_8, room_9, room_10, room_11, room_12, room_13, room_14,
          room_15, room_16, room_17, room_18, room_19, room_20, room_21,
          room_22, room_23, room_24, room_25, room_26, room_27]

Skill      XL: |  1 |
---------------+----+-----
Fighting       | 2 |  2.9
Dodging        | 3 |  3.5
Unarmed Combat | 5 |  5.2
Shapeshifting  | 4 |  4.6
Invocations    | |  0.1

Action                     || total
---------------------------++-------
  Melee: Unarmed           ||     1
  Evoke: Wand              ||     2
    Use: Potion            ||     1

Table legend: (Time is in decaauts)
 A = Elapsed time spent in this place.
 B = Non-inter-level travel time spent in this place.
 C = Inter-level travel time spent in this place.
 D = Time resting spent in this place.
 E = Time spent auto-exploring this place.
 F = Levels seen in this place.
 G = Mean time per level.
                   A        B        C        D        E       F      G
               +--------+--------+--------+--------+--------+-----+--------+
         Total |     66 |     66 |      0 |      0 |      0 |   1 |   66.0 |
       Dungeon |     66 |     66 |      0 |      0 |      0 |   1 |   66.0 |
               +--------+--------+--------+--------+--------+-----+--------+

Top non-repeatable levels by time:
       D: 66 daAuts
